Map: Lost and Found LE

Players

DieselMP - Winner!

  • Race: Zerg Zerg
  • Spawn Location: 1:00

NORTHAMERICA

  • Race: Protoss Protoss
  • League: Grandmaster
  • Spawn Location: 7:00

VOD

Have the link to the VOD?

Description

Time

  • Played on: Oct. 11, 2018, 12:49 a.m.
  • Length: 8:22
Show
View Real Time Build Order
Export as new Build Order

DieselMP Zerg - Winner!

Build Orders: Hatch First 

Get SALT Encoding   

  12  0:06  Drone  
  13  0:13  Overlord  
  13  0:16  Drone  
  14  0:32  Drone x2  
  16  0:49  Hatchery  
  15  0:53  Drone  
  15  0:56  Drone  
  17  1:00  Drone  
  18  1:10  Extractor  
  17  1:15  Spawning Pool  
  17  1:18  Drone  
  17  1:23  Drone  
  18  1:33  Drone  
  19  1:43  Drone  
  20  1:56  Overlord  
  20  2:01  Queen  
  20  2:02  Zergling x2, Queen  
  20  2:06  Drone  
  26  2:11  Metabolic Boost  
  26  2:14  Drone  
  27  2:20  Drone  
  28  2:28  Drone x2  
  30  2:36  Hatchery  
  29  2:43  Drone x2  
  31  2:46  Zergling x2  
  32  2:52  Overlord  
  32  2:54  Queen  
  32  2:56  Drone  
  36  2:58  Drone  
  36  3:06  Overlord  
  36  3:09  Overlord  
  36  3:11  Drone x2  
  38  3:13  Drone  
  38  3:29  Drone x3  
  38  3:31  Queen  
  43  3:37  Spore Crawler, Drone x2  
  43  3:39  Drone  
  45  3:47  Overlord  
  45  3:48  Drone x4  
  48  3:50  Spore Crawler  
  48  3:55  Evolution Chamber  
  47  4:00  Drone x3  
  50  4:03  Spore Crawler  
  50  4:05  Queen  
  51  4:11  Overlord  
  51  4:12  Drone  
  51  4:13  Drone x2  
  54  4:21  Zerg Melee Weapons Level 1  
  54  4:22  Drone x3  
  56  4:25  Drone x2  
  56  4:30  Drone  
  56  4:31  Drone x2  
  61  4:35  Drone x2  
  61  4:38  Overlord  
  63  4:39  Lair  
  63  4:49  Zergling x2  
  63  4:50  Zergling x14  
  71  5:00  Overlord x3  
  71  5:01  Zergling x2  
  70  5:09  Zergling x6  
  70  5:13  Overlord  
  73  5:16  Extractor x2, Drone x5  
  73  5:19  Extractor  
  73  5:20  Baneling Nest, Drone x3  
  77  5:24  Extractor, Drone  
  77  5:28  Extractor, Drone x2  
  76  5:29  Drone x2  
  77  5:43  Drone x4  
  77  5:47  Zergling x8  
  80  5:54  Drone  
  80  5:55  Drone x4  
  84  6:00  Zergling x6  
  87  6:05  Spire  
  87  6:06  Drone  
  87  6:07  Drone  
  88  6:13  Drone x2  
  88  6:15  Hatchery  
  89  6:20  Overlord  
  89  6:21  Overseer  
  89  6:23  Hatchery  
  87  6:30  Zergling x2  
  87  6:31  Zergling x18  
  90  6:51  Zergling x2  
  90  6:52  Zergling x10  
  95  6:56  Overlord x2  
  95  7:11  Extractor  
  94  7:16  Extractor  
  94  7:17  Mutalisk  
  94  7:18  Mutalisk x7  
  108  7:28  Mutalisk  
  108  7:29  Mutalisk x2  
  108  7:34  Zergling x2  
  108  7:35  Zergling x14  
  116  7:39  Drone x3  
  116  7:40  Drone  
  116  7:41  Queen  
  116  7:42  Spore Crawler  
  120  7:52  Overlord x2  
  120  7:53  Drone x2  
  120  7:54  Drone x4  
  120  7:56  Mutalisk  
  120  7:57  Mutalisk x2  
Show
View Real Time Build Order
Export as new Build Order

NORTHAMERICA Protoss 

Build Orders: 1 Gate Expand, Oracle Opening, Phoenix Opening 

Get SALT Encoding   

  12  0:01  Probe  
  13  0:13  Probe  
  14  0:20  Pylon  
  14  0:25  Probe  
  15  0:35  Probe  
  15  0:38  Gateway  
  16  0:43  Probe  
  16  0:49  Assimilator  
  17  0:52  Probe  
  18  1:04  Probe  
  19  1:15  Pylon  
  19  1:16  Probe  
  20  1:28  Nexus  
  20  1:36  Cybernetics Core  
  20  1:38  Probe  
  21  1:48  Assimilator  
  21  1:50  Probe  
  22  1:54  Pylon  
  22  2:03  Probe  
  22  2:05  Adept  
  23  2:15  Probe  
  26  2:23  Stargate  
  26  2:27  Probe  
  27  2:32  Adept  
  27  2:36  Warp Gate  
  29  2:37  Probe  
  29  2:39  Probe  
  31  2:45  Probe  
  33  2:51  Probe  
  33  2:55  Probe  
  34  3:03  Probe  
  34  3:04  Phoenix  
  35  3:07  Probe  
  38  3:15  Probe  
  38  3:17  Oracle  
  38  3:19  Probe  
  40  3:27  Probe  
  40  3:31  Probe  
  43  3:36  Gateway  
  43  3:39  Probe, Pylon  
  44  3:43  Probe  
  44  3:47  Oracle  
  45  3:48  Assimilator  
  45  3:50  Assimilator  
  45  3:51  Probe  
  46  3:56  Pylon  
  46  3:57  Probe  
  50  4:04  Probe, Pylon  
  50  4:09  Probe  
  52  4:16  Probe  
  53  4:21  Probe  
  54  4:26  Robotics Facility  
  54  4:28  Probe  
  55  4:33  Probe  
  56  4:40  Probe  
  56  4:44  Nexus  
  56  4:45  Probe  
  58  4:52  Sentry, Probe, Zealot, Pylon  
  63  4:54  Pylon  
  63  4:57  Probe  
  64  5:04  Probe  
  60  5:08  Observer  
  60  5:09  Probe  
  60  5:12  Sentry  
  60  5:13  Forge  
  63  5:14  Twilight Council  
  63  5:16  Probe  
  65  5:21  Probe  
  65  5:24  Gateway  
  65  5:26  Gateway  
  65  5:28  Probe, Gateway  
  66  5:34  Probe  
  66  5:35  Adept  
  67  5:36  Adept  
  67  5:39  Protoss Ground Weapons Level 1  
  67  5:40  Probe  
  70  5:43  Observer  
  70  5:46  Probe  
  63  5:50  Charge  
  63  5:52  Probe  
  64  5:58  Probe, Immortal  
  64  6:01  Adept  
  64  6:04  Adept  
  69  6:05  Probe  
  69  6:10  Probe  
  75  6:12  Templar Archives  
  75  6:13  Probe  
  75  6:17  Probe  
  77  6:22  Probe  
  77  6:25  Probe, Zealot x2  
  81  6:26  Zealot  
  81  6:29  Probe  
  84  6:38  Immortal  
  82  6:40  Probe  
  82  6:43  Probe  
  82  6:44  Psionic Storm  
  82  6:46  Zealot x4  
  90  6:50  Probe  
  90  6:52  Probe  
  96  6:55  Probe  
  96  6:58  Assimilator  
  97  7:02  Probe  
  97  7:03  Assimilator  
  97  7:04  Probe  
  99  7:09  Photon Cannon  
  99  7:11  Shield Battery  
  99  7:14  Pylon  
  99  7:16  High Templar  
  99  7:21  Pylon  
  101  7:25  Gateway x2  
  101  7:27  Zealot, Immortal, Pylon  
  97  7:30  High Templar x2  
  97  7:32  Probe  
  102  7:39  Gateway  
  106  7:49  High Templar x2  
  106  7:50  Phoenix  
  110  7:52  Probe  
  110  7:54  Gateway  
  110  7:56  Photon Cannon  
  110  7:58  Pylon x2  
  113  8:00  Photon Cannon  
  113  8:06  Photon Cannon  
  113  8:10  Shield Battery  
  113  8:11  Photon Cannon  
  113  8:12  Archon  
  107  8:14  Stalker x2  
Tags
 
Add a new tag
Caveats
  • Supply blocks, unpowered buildings, or Contaminate may cause inaccurate times.
  • Supply counts are checked every 10 seconds.